 Dungeon Crawl Stone Soup version 0.27-a0-401-gea03ee8 (webtiles) character file.

Game seed: 2891705707327455209

12887 GeorgeSoros the Transmogrifier (level 11, -1/94 HPs)
             Began as a Green Draconian Transmuter on Feb 21, 2021.
             Was a High Priest of Nemelex Xobeh.
             Slain by a ten-headed hydra (3 damage)
             ... on level 1 of the Lair of Beasts.
             The game lasted 00:43:49 (9867 turns).

GeorgeSoros the Transmogrifier (DrTm)               Turns: 9867, Time: 00:43:49

Health: -1/94      AC:  9    Str: 13    XL:     11   Next: 68%
Magic:  15/15      EV: 13    Int: 16    God:    Nemelex Xobeh [*****.]
Gold:   931        SH:  0    Dex: 12    Spells: 5/14 levels left

rFire    . . .     SeeInvis .   x - +6 lajatang (spect)
rCold    . . .     Faith    .   (shield currently unavailable)
rNeg     . . .     Spirit   .   (armour unavailable)
rPois    +         Reflect  .   (helmet restricted)
rElec    .         Harm     .   (no cloak)
rCorr    .         Rampage  .   k - +0 pair of gloves
Will     .....                  o - +0 pair of boots
Stlth    +.........             j - amulet of regeneration
HPRegen  1.25/turn              (no ring)
MPRegen  0.14/turn              (no ring)

@: no status effects
A: breathe noxious fumes, unfitting armour, poison resistance, cold-blooded, AC
+7
a: Breathe Noxious Fumes, Renounce Religion, Draw Escape, Draw Destruction, Draw
Summoning, Triple Draw, Deal Four, Stack Five


You were on level 1 of the Lair of Beasts.
You worshipped Nemelex Xobeh.
Nemelex Xobeh was extremely pleased with you.
You visited 2 branches of the dungeon, and saw 12 of its levels.
You also visited: Ossuary.

You collected 931 gold pieces.

Inventory:

Hand Weapons
 g - a +5 antimagic short sword
 x - a +6 spectral lajatang (weapon)
Armour
 d - a +0 buckler
 k - a +0 pair of gloves (worn)
 o - a +0 pair of boots (worn)
 p - a +1 kite shield
Jewellery
 j - an amulet of regeneration (around neck)
 u - an amulet of faith
Wands
 b - a wand of charming (11)
 l - a wand of polymorph (6)
 n - a wand of iceblast (14)
 t - a wand of flame (32)
Scrolls
 m - a scroll of magic mapping
 r - 7 scrolls of teleportation
 s - 2 scrolls of enchant weapon
 y - 2 scrolls of immolation
 C - 3 scrolls of fog
 F - 2 scrolls of amnesia
 G - a scroll of fear
Potions
 a - 3 potions of berserk rage
 c - 4 potions of might
 e - a potion of ambrosia
 f - 11 potions of curing
 h - 2 potions of cancellation
 i - 8 potions of heal wounds
 q - a potion of haste
 v - 3 potions of brilliance
 w - 2 potions of magic
 z - 2 potions of lignification
 A - a potion of mutation
 B - 2 potions of attraction
 D - a potion of flight
 E - a potion of resistance {unknown}
Miscellaneous
 H - a lightning rod (4/4)


   Skills:
 - Level 8.1 Fighting
 - Level 9.0 Staves
 + Level 3.8 Dodging
 - Level 5.4 Shields
 - Level 5.0 Unarmed Combat
 - Level 2.0 Spellcasting
 - Level 2.6 Conjurations
 - Level 10.0 Transmutations
 - Level 2.5 Air Magic
 - Level 3.0 Poison Magic
 + Level 6.3 Invocations
 - Level 3.0 Evocations


You had 5 spell levels left.
You knew the following spells:

 Your Spells              Type           Power        Failure   Level
a - Beastly Appendage     Tmut           66%          1%          1
b - Blade Hands           Tmut           16%          10%         5
c - Mephitic Cloud        Conj/Pois/Air  10%          21%         3

Your spell library contained the following spells:

 Spells                   Type           Power        Failure   Level
 Wereblood                Tmut           33%          1%          2
 Spider Form              Tmut/Pois      11%          4%          3
 Magic Dart               Conj           40%          7%          1
 Searing Ray              Conj           20%          11%         2
 Corona                   Hex            1%           21%         1
 Freeze                   Ice            4%           21%         1
 Ice Form                 Ice/Tmut       17%          26%         4
 Blink                    Tloc           N/A          30%         2
 Call Imp                 Summ           1%           30%         2
 Ensorcelled Hibernation  Hex/Ice        2%           30%         2
 Slow                     Hex            1%           30%         2
 Conjure Flame            Conj/Fire      5%           34%         3
 Dazzling Flash           Conj/Hex       10%          34%         3
 Confusing Touch          Hex            1%           52%         3
 Frozen Ramparts          Ice            2%           52%         3
 Ozocubu's Armour         Ice            1%           52%         3
 Tukima's Dance           Hex            1%           52%         3
 Fulminant Prism          Conj/Hex       2%           75%         4
 Hailstorm                Conj/Ice       5%           75%         4
 Iskenderun's Mystic Bla  Conj/Tloc      5%           75%         4
 Summon Ice Beast         Ice/Summ       1%           90%         4


Dungeon Overview and Level Annotations

Branches:
Dungeon (11/15)            Temple (0/1) D:7            Lair (1/6) D:11
    Orc (0/2) D:10        Ossuary (visited)

Altars:
Cheibriados
Nemelex Xobeh
Okawaru
Qazlal
Ru
Sif Muna
Vehumet
Wu Jian
Zin
The Shining One


Innate Abilities, Weirdness & Mutations

You can breathe blasts of noxious fumes.
Your lurid green scales are hard. (AC +7)
You cannot fit into any form of body armour.
Your system is resistant to poisons. (rPois)
You are cold-blooded and may be slowed by cold attacks.


Message History

The eight-headed hydra roars!
There is a staircase back to the Dungeon here.
You draw a card...
You have drawn Wild Magic.
The air around the eight-headed hydra burns with energy!
You feel a surge of magic.
You chop one of the eight-headed hydra's heads off!
The seven-headed hydra grows two more!
You slice the nine-headed hydra!!
You draw out your weapon's spirit!
The nine-headed hydra is moderately wounded.
The nine-headed hydra misses you.
The nine-headed hydra closely misses you.
The nine-headed hydra bites you.
The nine-headed hydra closely misses you.
The nine-headed hydra bites you.
The nine-headed hydra barely misses you.
The nine-headed hydra bites you. The nine-headed hydra bites you!
The nine-headed hydra closely misses you.
You lop one of the nine-headed hydra's heads off!
The eight-headed hydra grows two more!
You slash the ten-headed hydra!
Your tail-slap misses the ten-headed hydra.
The ten-headed hydra is moderately wounded.
The ten-headed hydra bites you! x2; The ten-headed hydra bites you. x2
The ten-headed hydra bites you!
* * * LOW HITPOINT WARNING * * *
The ten-headed hydra closely misses you.
The ten-headed hydra bites you but does no damage.
The ten-headed hydra closely misses you.
The ten-headed hydra bites you but does no damage.
The ten-headed hydra completely misses you.
You draw a card...
You have drawn the Elixir.
You begin rapidly regenerating magic.
The ten-headed hydra bites you!
* * * LOW HITPOINT WARNING * * *
The ten-headed hydra barely misses you. The ten-headed hydra misses you.
The ten-headed hydra bites you.
* * * LOW HITPOINT WARNING * * *
The ten-headed hydra barely misses you. The ten-headed hydra bites you!
* * * LOW HITPOINT WARNING * * *
The ten-headed hydra bites you.
You die...
Your body disappears without a glow.

# # .#
#.#########..#
#............##
#.....(........
#.....D@....#
#..#####.#..#
## #


You could see a ten-headed hydra (ally target) and a friendly +6 spectral
lajatang (summoned).

Vanquished Creatures
  Harold (D:8)
  2 two-headed ogres
  A queen ant (D:11)
  Pikel (D:8)
  A cyclops (D:10)
  An ugly thing (D:11)
  A komodo dragon (D:11)
  2 trolls (D:10)
  Grinder (D:3)
  Sigmund (D:3)
  A spriggan (D:7)
  4 hogs (D:7)
  2 humans
  Grum (D:8)
  A steam dragon (D:9)
  4 wargs
  An ice beast (D:10)
  A water moccasin (D:8)
  4 sky beasts
  5 orc warriors
  A black bear (D:11)
  5 ogres
  2 necrophages
  2 wolves (D:8)
  5 centaurs
  A lemure (D:8)
  3 phantoms
  2 kobold brigands
  6 bullfrogs
  3 scorpions
  A jelly (D:8)
  A water moccasin skeleton (D:5)
  3 wights (D:8)
  8 killer bees
  2 howler monkeys (D:11)
  6 bullfrog zombies
  A centaur zombie (Ossuary)
  4 hounds
  2 human zombies (Ossuary)
  5 orc priests
  2 centaur skeletons
  Jessica (D:2)
  6 bullfrog skeletons
  8 iguanas
  6 orc wizards
  Natasha (thrice) (D:3)
  7 worker ants
  A hound zombie (D:8)
  A hound skeleton (D:4)
  4 mummies (Ossuary)
  4 worker ant zombies
  Robin (D:3)
  A howler monkey skeleton (D:8)
  18 adders
  2 shadow imps
  4 white imps
  An ufetubus (D:10)
  6 adder skeletons
  An adder zombie (D:9)
  2 worms
  A dart slug (D:3)
  3 leopard geckos
  30 orcs
  7 bats
  2 giant cockroaches
  A gnoll zombie (Ossuary)
  14 goblins
  6 hobgoblins
  17 jackals
  5 quokkas
  4 frilled lizards
  A jackal skeleton (D:5)
  7 kobolds
  2 kobold zombies (Ossuary)
  2 orc zombies (Ossuary)
  A quokka zombie (D:6)
  11 rats
292 creatures vanquished.

Vanquished Creatures (collateral kills)
  A centaur skeleton (D:11)
  Eustachio (D:5)
  A killer bee (D:9)
  An adder skeleton (D:9)
4 creatures vanquished.

Vanquished Creatures (others)
  An ufetubus (D:5)
  3 plants
4 creatures vanquished.

Grand Total: 300 creatures vanquished

Notes
Turn   | Place    | Note
-------+----------+-------------------------------------------
     0 | D:1      | GeorgeSoros the Draconian Transmuter began the quest for
                  | the Orb.
     0 | D:1      | Reached XP level 1. HP: 16/16 MP: 3/3
   590 | D:1      | Reached XP level 2. HP: 23/23 MP: 3/5
   863 | D:2      | Found a sparkling altar of Nemelex Xobeh.
   878 | D:2      | Became a worshipper of Nemelex Xobeh the Trickster
   887 | D:2      | Found a faded altar of an unknown god.
  1113 | D:2      | Noticed Jessica
  1120 | D:2      | Killed Jessica
  1121 | D:2      | Reached skill level 1 in Shields
  1121 | D:2      | Reached XP level 3. HP: 29/29 MP: 4/6
  1727 | D:2      | Reached XP level 4. HP: 36/36 MP: 7/7
  2028 | D:3      | Found an iron altar of Okawaru.
  2224 | D:3      | Noticed Grinder
  2260 | D:3      | Paralysed by Grinder for 3 turns
  2270 | D:3      | Paralysed by Grinder for 5 turns
  2284 | D:3      | Killed Grinder
  2285 | D:3      | Reached skill level 3 in Transmutations
  2285 | D:3      | Reached XP level 5. HP: 35/45 MP: 6/8
  2285 | D:3      | Reached XP level 6. HP: 39/51 MP: 6/9
  2384 | D:3      | Noticed Robin
  2411 | D:3      | Killed Robin
  2464 | D:3      | Noticed Natasha
  2471 | D:3      | Killed Natasha
  2693 | D:3      | Reached * piety under Nemelex Xobeh
  2787 | D:3      | Found a glowing golden altar of the Shining One.
  2854 | D:3      | Noticed Natasha
  2864 | D:3      | Killed Natasha
  2927 | D:3      | Noticed Sigmund
  2931 | D:3      | Found an ornate altar of the Wu Jian Council.
  2943 | D:3      | Killed Sigmund
  2944 | D:3      | Reached skill level 4 in Transmutations
  2944 | D:3      | Your scales start taking on a lurid green colour.
  2944 | D:3      | Reached XP level 7. HP: 41/59 MP: 8/10
  2944 | D:3      | Gained mutation: Your system is resistant to poisons.
                  | (rPois) [Green Draconian growth]
  3081 | D:3      | Noticed Natasha
  3087 | D:3      | Killed Natasha
  3314 | D:4      | Received a gift from Nemelex Xobeh
  3836 | D:5      | Entered Level 5 of the Dungeon
  3860 | D:5      | Noticed Eustachio
  3870 | D:5      | Killed Eustachio
  3871 | D:5      | Reached skill level 1 in Evocations
  3976 | D:5      | Reached skill level 5 in Unarmed Combat
  4107 | D:5      | Reached XP level 8. HP: 67/67 MP: 11/11
  4117 | D:5      | Found a sand-covered staircase.
  4130 | Ossuary  | Entered an ossuary
  4198 | Ossuary  | Reached skill level 5 in Shields
  4277 | Ossuary  | Reached skill level 5 in Fighting
  4638 | D:5      | Identified a scroll of acquirement
  4638 | D:5      | Acquired a +2 spectral lajatang
  4790 | D:5      | Reached skill level 5 in Transmutations
  4890 | D:6      | Reached ** piety under Nemelex Xobeh
  5156 | D:6      | Reached skill level 1 in Staves
  5192 | D:6      | Found a sacrificial altar of Ru.
  5459 | D:6      | Found a snail-covered altar of Cheibriados.
  5730 | D:7      | Found a staircase to the Ecumenical Temple.
  5775 | D:7      | Reached skill level 6 in Transmutations
  5775 | D:7      | Reached XP level 9. HP: 73/78 MP: 12/12
  5996 | D:7      | Learned a level 5 spell: Blade Hands
  6085 | D:7      | Received a gift from Nemelex Xobeh
  6241 | D:7      | Reached skill level 7 in Transmutations
  6243 | D:7      | Reached skill level 5 in Staves
  6785 | D:8      | Found a shimmering blue altar of Sif Muna.
  6989 | D:8      | Reached *** piety under Nemelex Xobeh
  7033 | D:8      | Reached XP level 10. HP: 75/88 MP: 13/13
  7054 | D:8      | Noticed Pikel
  7060 | D:8      | Killed Pikel
  7061 | D:8      | Reached skill level 8 in Transmutations
  7124 | D:8      | Noticed Harold
  7140 | D:8      | Killed Harold
  7309 | D:8      | Noticed Grum
  7315 | D:8      | Reached skill level 9 in Transmutations
  7319 | D:8      | Killed Grum
  7854 | D:9      | Reached skill level 1 in Invocations
  8034 | D:9      | Found a radiant altar of Vehumet.
  8341 | D:9      | Received a gift from Nemelex Xobeh
  8527 | D:9      | Found a glowing silver altar of Zin.
  8527 | D:9      | Found a stormy altar of Qazlal.
  8656 | D:10     | Entered Level 10 of the Dungeon
  8785 | D:10     | Reached **** piety under Nemelex Xobeh
  8789 | D:10     | Noticed a two-headed ogre
  8799 | D:10     | Killed a two-headed ogre
  8815 | D:10     | Reached XP level 11. HP: 68/94 MP: 11/14
  8898 | D:10     | Reached skill level 10 in Transmutations
  8946 | D:10     | Received a gift from Nemelex Xobeh
  9038 | D:10     | Learned a level 3 spell: Mephitic Cloud
  9047 | D:10     | Found a staircase to the Orcish Mines.
  9381 | D:10     | Reached skill level 1 in Conjurations
  9381 | D:10     | Reached skill level 1 in Air Magic
  9381 | D:10     | Reached skill level 1 in Poison Magic
  9381 | D:10     | Reached skill level 5 in Invocations
  9405 | D:11     | Noticed a brown ugly thing
  9418 | D:11     | Killed a brown ugly thing
  9443 | D:11     | Found a staircase to the Lair.
  9458 | D:11     | Noticed a two-headed ogre
  9461 | D:11     | Killed a two-headed ogre
  9742 | D:11     | Noticed a boulder beetle
  9749 | D:11     | Noticed a queen ant
  9749 | D:11     | a boulder beetle changed into a queen ant
  9756 | D:11     | Killed a queen ant
  9789 | D:11     | Reached ***** piety under Nemelex Xobeh
  9863 | Lair:1   | Entered Level 1 of the Lair of Beasts
  9863 | Lair:1   | Noticed an eight-headed hydra
  9867 | Lair:1   | HP: 2/94 [ten-headed hydra (8)]
  9867 | Lair:1   | Slain by a ten-headed hydra

Illustrated notes

Levels and vault maps discovered:
D:1:      dpeg_arrival_arbitrary_b, layout_basic, serial_forest,
          infiniplex_forest_clump_large, infiniplex_forest_end_3,
          infiniplex_forest_lined_2, infiniplex_forest_lined_ring,
          infiniplex_forest_straight_4, infiniplex_forest_clump_diagonal,
          infiniplex_forest_clump_curved
D:2:      minmay_wonky_spiral, layout_loops_cross,
          nemelex_xobeh_ov_fountains_minmay, chequers_ecumenical_altar_island,
          serial_bayou_crossing, uniq_jessica
D:3:      layout_basic, lemuel_crystal_altar, tso_altar,
          nzn_wu_jian_council_hall, minmay_ruptured, uniq_grinder, uniq_natasha,
          uniq_robin, uniq_sigmund
D:4:      layout_rooms, kennysheep_small_circle
D:5:      layout_loops_cross, lightli_ossuary_entry_decrepit_ruins,
          chequers_serial_rivers_micro_b, minmay_misc_feat_secret_circle,
          uniq_eustachio
D:6:      layout_loops_ring, cheibrodos_worm_habitat, hangedman_ru_absence
D:7:      layout_gridville, minmay_temple_entry_large_hall, grunt_livestock,
          the_bakery
D:8:      layout_gridville, nicolae_overflow_crystal_walls, serial_rivers,
          chequers_serial_rivers_micro_c, chequers_serial_rivers_small_a,
          chequers_serial_rivers_micro_c, chequers_serial_rivers_micro_d,
          chequers_serial_rivers_room_a, chequers_serial_rivers_room_b,
          minmay_bent, uniq_harold, uniq_pikel, uniq_grum
D:9:      layout_basic, kennysheep_mini_moat, gammafunk_temple_overflow_statue
D:10:     layout_cave_pools, erik_orc_4
D:11:     layout_rooms, erik_lair_orcish_takeover
Lair:1:   layout_long_grid, serial_bayou_shore_a, uniq_fannar

Skill      XL: |  1  2  3  4  5  6  7  8  9 10 11 |
---------------+----------------------------------+-----
Shields        | 1 3 4 5 |  5.4
Fighting       | 2 3 4 6 8 |  8.1
Unarmed Combat | 4 5 |  5.0
Transmutations | 3 4 6 7 9 10 | 10.0
Evocations     | 1 3 |  3.0
Staves         | 3 6 8 9 |  9.0
Invocations    | 3 6 |  6.3
Dodging        | 3 |  3.8
Conjurations   | 2 |  2.6
Air Magic      | 2 |  2.5
Poison Magic   | 3 |  3.0
Spellcasting   | |  2.0

Action                   |  1- 3 |  4- 6 |  7- 9 | 10-12 || total
-------------------------+-------+-------+-------+-------++-------
Melee: Unarmed           |    23 |       |       |    31 ||    54
       Hand axe          |    54 |   134 |   265 |       ||   453
       Tailslap          |     5 |    12 |    51 |    28 ||    96
       Headbutt          |     4 |    18 |    18 |     1 ||    41
       Kick              |     7 |    16 |    28 |     3 ||    54
       Lajatang          |       |       |   216 |   222 ||   438
       Punch             |       |       |       |     2 ||     2
 Cast: Beastly Appendage |    15 |    16 |    15 |     1 ||    47
       Blade Hands       |       |       |       |     2 ||     2
Invok: Draw Summoning    |       |       |     2 |     1 ||     3
       Draw Destruction  |       |       |     1 |     5 ||     6
       Draw Escape       |       |       |       |     1 ||     1
 Abil: Breathe Noxious F |       |       |     4 |     1 ||     5
Evoke: Wand              |       |       |     1 |       ||     1
  Use: Scroll            |     5 |     4 |    16 |     3 ||    28
       Potion            |       |     1 |       |     3 ||     4
 Stab: Sleeping          |     1 |     2 |     1 |       ||     4
       Distracted        |       |       |       |     1 ||     1
Armor: Skin              |    29 |    42 |   181 |   127 ||   379
Dodge: Dodged            |    60 |    90 |   245 |   254 ||   649
Block: Buckler           |     8 |    34 |     9 |       ||    51
       Kite shield       |       |       |   110 |       ||   110

Table legend: (Time is in decaauts)
 A = Elapsed time spent in this place.
 B = Non-inter-level travel time spent in this place.
 C = Inter-level travel time spent in this place.
 D = Time resting spent in this place.
 E = Time spent auto-exploring this place.
 F = Levels seen in this place.
 G = Mean time per level.
                   A        B        C        D        E       F      G
               +--------+--------+--------+--------+--------+-----+--------+
         Total |  10155 |   9537 |    618 |    103 |   6733 |  13 |  781.2 |
       Dungeon |   9834 |   9216 |    618 |    103 |   6726 |  11 |  894.0 |
          Lair |      3 |      3 |      0 |      0 |      0 |   1 |    3.0 |
       Ossuary |    317 |    317 |      0 |      0 |      7 |   1 |  317.0 |
               +--------+--------+--------+--------+--------+-----+--------+

Top non-repeatable levels by time:
     D:2: 1286 daAuts
     D:8: 1219 daAuts
     D:3: 1212 daAuts
     D:7: 1134 daAuts
     D:1: 837 daAuts
     D:5: 836 daAuts
     D:6: 818 daAuts
     D:9: 756 daAuts
    D:10: 661 daAuts
     D:4: 609 daAuts
    D:11: 462 daAuts
 Ossuary: 317 daAuts
  Lair:1: 3 daAuts
